 Dungeon Crawl Stone Soup version 0.31-a0-1074-g0b22e4e0f1 (webtiles) character file.

Game seed: 5560643383734038481

36698 grandjackal the Cleaver (level 13, -1/101 HPs)
             Began as a Demonspawn Gladiator on Dec 3, 2023.
             Was a Priest of Hepliaklqana.
             Slain by a reaper
             ... wielding a +1 scythe of freezing
              (30 damage)
             ... in an ice cave.
             The game lasted 00:23:27 (15752 turns).

grandjackal the Cleaver (Demonspawn Gladiator)     Turns: 15752, Time: 00:23:28

Health: -1/101     AC:  8    Str: 20    XL:     13   Next: 54%
Magic:  22/22      EV: 15    Int: 13    God:    Hepliaklqana [***...]
Gold:   764        SH:  5    Dex: 20    Spells: 12/12 levels left

rFire   + . .        b - +6 battleaxe "Wuamid" {flame, rC+ Dex+5}
rCold   + + .        (shield currently unavailable)
rNeg    + . .        P - +2 troll leather armour {Snorg}
rPois   .            c - +0 helmet
rElec   .            (no cloak)
rCorr   .            n - +0 pair of gloves
SInv    .            m - +0 pair of boots
Will    .....        w - amulet of reflection
Stlth   ++           h - ring of Jalil {rC+ Str+2}
HPRegen 1.16/turn    r - ring of positive energy
MPRegen 0.18/turn

%: reflection
@: studying 2 skills
A: reduced essence, ignite blood 3, spiny 1, sturdy frame 1, weakness stinger 2,
clever 1, fire resistance 1
a: Renounce Religion, Recall Ancestor, Ancestor Identity, Transference


You were in an ice cave.
You worshipped Hepliaklqana.
Hepliaklqana was most pleased with you.
You visited 3 branches of the dungeon, and saw 16 of its levels.
You also visited: Ice Cave.

You collected 973 gold pieces.
You spent 209 gold pieces at shops.

Inventory:

Hand Weapons
 b - the +6 battleaxe "Wuamid" (weapon) {flame, rC+ Dex+5}
   (You acquired it on level 10 of the Dungeon)

   Dex+5:     It affects your dexterity (+5).
   rC+:       It protects you from cold.
Missiles
 d - 2 throwing nets (quivered)
Armour
 c - a +0 helmet (worn)
 m - a +0 pair of boots (worn)
 n - a +0 pair of gloves (worn)
 s - a +2 leather armour of fire resistance
 G - a +2 buckler
 I - a +0 kite shield
 P - a +2 troll leather armour (worn) {Snorg}
Jewellery
 h - the ring of Jalil (left hand) {rC+ Str+2}
   (You found it on level 9 of the Dungeon)

   [ring of protection from cold]

   Str+2:     It affects your strength (+2).
   rC+:       It protects you from cold.
 i - a +6 ring of strength
 r - a ring of positive energy (right hand)
 w - an amulet of reflection (around neck)
 x - a ring of protection from cold
Wands
 a - a wand of iceblast (2)
 z - a wand of polymorph (2)
 D - a wand of mindburst (11)
 M - a wand of flame (11)
 Q - a wand of charming (6)
Scrolls
 f - 2 scrolls of summoning
 g - 2 scrolls of blinking
 k - 2 scrolls of identify
 l - 6 scrolls of teleportation
 o - 2 scrolls of vulnerability
 t - 2 scrolls of fog
 u - 2 scrolls of immolation
 v - 5 scrolls of enchant weapon
 C - 4 scrolls of revelation
 E - a scroll of poison
 J - a scroll of enchant armour
Potions
 j - a potion of lignification
 p - 2 potions of curing
 q - a potion of cancellation
 B - a potion of attraction
 L - 2 potions of brilliance
 O - a potion of haste
Miscellaneous
 F - a phial of floods


   Skills:
 + Level 14.0 Fighting
 + Level 14.6 Axes
 - Level 2.0 Throwing
 - Level 3.0 Armour
 + Level 4.9 Dodging
 - Level 5.7 Shields
 + Level 13.0 Invocations


You had 12 spell levels left.
You didn't know any spells.
Your spell library contained the following spells:

 Spells                   Type           Power      Damage    Failure   Level
 Magic Dart               Conj           0%         1d3       32%         1
 Sandblast                Erth           0%         2d4       32%         1
 Blink                    Tloc           0%         N/A       43%         2
 Lesser Beckoning         Tloc           0%         N/A       43%         2
 Momentum Strike          Conj/Tloc      0%         3d8       43%         2
 Passwall                 Tmut/Erth      0%         N/A       43%         2
 Searing Ray              Conj           0%         2d4       43%         2
 Stone Arrow              Conj/Erth      0%         3d7       67%         3
 Brom's Barrelling Bould  Conj/Erth      0%         2d3       97%         4
 Fulminant Prism          Conj/Hex       0%         3d5       97%         4
 Leda's Liquefaction      Hex/Erth       0%         N/A       97%         4
 Vhi's Electric Charge    Tloc/Air       0%         N/A       97%         4
 Bombard                  Conj/Erth      0%         9d1       100%        6


Dungeon Overview and Level Annotations

Branches:
Dungeon (13/15)            Temple (1/1) D:7            Lair (2/5) D:9
 Spider (0/4) Lair:2          Orc (0/2) D:9           IceCv (1/1)
  Swamp: Lair:2-3    Shoals: Lair:2-3    Vaults: D:13-14

Altars:
Ashenzari
Cheibriados
Dithmenos
Fedhas
Gozag
Hepliaklqana
Kikubaaqudgha
Makhleb
Nemelex Xobeh
Okawaru
Qazlal
Ru
Sif Muna
Trog
Uskayaw
Vehumet
Wu Jian
Xom
Yredelemnul
Lugonu

Shops:
D:1 =   D:2 *

Portals:
Abyss: D:6

Annotations:
D:7 2 transporters
D:8 exclusion: 2 oklob saplings


Innate Abilities, Weirdness & Mutations

Your life essence is reduced to manifest your ancestor. (-10% HP)
Your demonic aura causes all spilled blood to erupt in flames.
You are partially covered in sharp spines.
Your movements are slightly less encumbered by armour. (ER -2)
You have a tail ending in a sharp stinger.
Your mind is acute. (Int +4, Str/Dex -1)
Your flesh is heat resistant. (rF+)


Message History

You slash the freezing wraith! You burn the freezing wraith.
The freezing wraith is moderately damaged.
The freezing wraith closely misses you. x2
Cleetus hits the freezing wraith with a +0 quarterstaff!!
The freezing wraith hits you but does no damage.
The freezing wraith hits you.
You slash the freezing wraith! You burn the freezing wraith.
The freezing wraith is almost destroyed.
Cleetus hits the freezing wraith with a +0 quarterstaff!!
The freezing wraith is destroyed!
You swap places.
You see here a +0 chain mail of cold resistance.
There is an open door here.
You feel yourself speed up.
There is an open door here.
You open the door.
There is an open door here.
You open the door.
A reaper comes into view. It is wielding a +1 scythe of freezing.
The reaper moves out of view.
Found a wand of flame (10), a scroll of enchant weapon and a dagger.
Found a brass ring and a shortbow of freezing.
The reaper hits you from afar with a +1 scythe of freezing!!
The reaper freezes you.
There is an open door, spattered with blood here.
The reaper hits you with a +1 scythe of freezing!
The reaper freezes you.
You slash the reaper! You burn the reaper. You tail-slap the reaper!
The reaper is moderately wounded.
Cleetus points at the reaper and mumbles some strange words.
You hear a sizzling sound!
The reaper is struck by your spines.
The reaper hits you with a +1 scythe of freezing!!
The reaper freezes you.
* * * LOW HITPOINT WARNING * * *
You slice the reaper!! You burn the reaper.
You tail-slap the reaper, but do no damage.
The reaper is heavily wounded.
The reaper hits you with a +1 scythe of freezing!!
You die...

### ####⌠####
#.......#
#.##☼##.#
#.#R@☼#.#
#.#2⌠.#.#
##.#)?)#.##
####8.#####.8####
#...............#
#+######+######'#
#.# +.......+ #.#
#.# #.8...8.# #.#
#.# +.......+ #.#


You could see the friendly Cleetus the battlemage and a reaper (ally target).

Vanquished Creatures
  Rupert (D:12)
  Azrael (D:12)
  Snorg (D:11)
  A hydra (D:11)
  A centaur warrior (D:8)
  4 two-headed ogres
  A pharaoh ant (Lair:2)
  An orange crystal statue (D:9)
  3 ugly things
  A deep elf pyromancer (D:12)
  2 cyclopes
  A manticore (D:11)
  3 centaur zombies (D:10)
  4 elephants (Lair:1)
  Maggie (D:7)
  2 ice statues (IceCv)
  3 gargoyles
  A cane toad (Lair:1)
  2 unseen horror zombies (D:10)
  3 rime drakes (Lair:2)
  4 komodo dragons
  Jeremiah (D:7)
  An efreet (D:8)
  6 ice devils (IceCv)
  A tengu conjurer (D:8)
  2 trolls
  3 hornets
  2 blink frogs (Lair:2)
  Prince Ribbit (D:5)
  A centaur simulacrum (D:10)
  A jumping spider (Lair:2)
  Sigmund (D:4)
  A shadow (D:11)
  A wraith (D:12)
  36 yaks
  Eustachio (D:4)
  6 wyverns
  2 fire elementals (D:12)
  6 vampire mosquitoes
  A steam dragon (D:8)
  A basilisk (Lair:2)
  Edmund (D:5)
  A death yak simulacrum (IceCv)
  Menkaure (D:7)
  2 acid dragons
  4 hell hounds (D:12)
  Duvessa (D:5)
  8 water moccasins
  A sky beast (D:8)
  3 orc warriors
  A black bear (D:6)
  3 ice beasts
  2 centaurs
  4 wolves (D:9)
  2 kobold brigands (D:6)
  8 bullfrogs
  2 necrophages (D:10)
  A gnoll sergeant (D:9)
  7 scorpions
  2 wights
  Dowan (D:5)
  7 killer bees
  2 howler monkeys
  An electric eel (D:8)
  6 hounds
  A human zombie (D:10)
  11 orc priests
  7 iguanas
  13 orc wizards
  A mummy (D:10)
  8 gnolls
  11 adders
  2 naga simulacra (IceCv)
  3 white imps
  7 ufetubi
  A worm (D:3)
  A dart slug (D:3)
  42 orcs
  8 endoplasms
  A giant cockroach (D:4)
  2 goblins (D:3)
  4 hobgoblins
  A jackal (D:3)
  12 kobolds
  3 quokkas
  10 ball pythons
  7 bats
  A rat (D:2)
344 creatures vanquished.

Vanquished Creatures (collateral kills)
  A centaur zombie (D:10)
  A freezing wraith (IceCv)
  A blink frog (Lair:2)
  5 yaks
  A redback (Lair:2)
  A death yak simulacrum (IceCv)
  A hell hound (D:12)
  A wight (D:10)
12 creatures vanquished.

Vanquished Creatures (others)
  3 battlemagi
3 creatures vanquished.

Grand Total: 359 creatures vanquished

Notes
Turn   | Place    | Note
-------+----------+-------------------------------------------
     0 | D:1      | grandjackal the Demonspawn Gladiator began the quest for
                  | the Orb.
     0 | D:1      | Reached XP level 1. HP: 16/16 MP: 1/1
    12 | D:1      | Found Joezal's Jewellery Boutique.
   728 | D:1      | Found a faded altar of an unknown god.
   940 | D:2      | Gained mutation: You are partially covered in sharp spines.
                  | [demonic ancestry]
   940 | D:2      | Reached XP level 2. HP: 21/22 MP: 2/2
  1229 | D:2      | Found a shimmering blue altar of Sif Muna.
  1545 | D:2      | Found Wyuwashiqo's General Store.
  1553 | D:2      | Bought 2 potions of heal wounds for 110 gold pieces
  1701 | D:3      | You fall into a shaft and drop 1 floor!
  1720 | D:4      | Gained mutation: Your demonic aura sometimes causes spilled
                  | blood to erupt in flames. [demonic ancestry]
  1720 | D:4      | Reached XP level 3. HP: 13/29 MP: 3/3
  1727 | D:4      | HP: 1/29 [iguana (8)]
  1729 | D:4      | Reached XP level 4. HP: 2/35 MP: 4/4
  2066 | D:3      | Found a shimmering altar of Xom.
  2142 | D:3      | Reached XP level 5. HP: 42/42 MP: 5/5
  2400 | D:3      | Found a stormy altar of Qazlal.
  2859 | D:4      | Noticed Sigmund
  3220 | D:4      | Reached XP level 6. HP: 36/49 MP: 6/6
  3285 | D:4      | Noticed Eustachio
  3310 | D:5      | Entered Level 5 of the Dungeon
  3434 | D:5      | Found a shadowy altar of Dithmenos.
  3524 | D:5      | Noticed Edmund
  3543 | D:5      | Killed Edmund
  3544 | D:5      | Reached skill level 5 in Fighting
  3544 | D:5      | Reached skill level 5 in Axes
  3786 | D:5      | Reached XP level 7. HP: 20/56 MP: 7/7
  4270 | D:5      | Noticed Duvessa
  4271 | D:5      | Noticed Dowan
  4275 | D:5      | Killed Duvessa
  4277 | D:5      | Killed Dowan
  4278 | D:5      | Noticed Prince Ribbit
  4293 | D:5      | Killed Prince Ribbit
  4610 | D:5      | Reached XP level 8. HP: 65/65 MP: 8/8
  4759 | D:4      | Killed Sigmund
  5068 | D:4      | Killed Eustachio
  5308 | D:6      | Found an opulent altar of Gozag.
  5442 | D:6      | Found a broken altar of Ashenzari.
  5524 | D:6      | Found a snail-covered altar of Cheibriados.
  5533 | D:6      | Found a large runed translucent door.
  5534 | D:6      | Found a large runed translucent door.
  5540 | D:6      | Found a corrupted altar of Lugonu.
  5586 | D:6      | Found a one-way gate to the infinite horrors of the Abyss.
  5852 | D:6      | Noticed a gargoyle
  5860 | D:6      | Gained mutation: You occasionally lose the ability to drink
                  | potions when taking damage. [potion of mutation]
  5860 | D:6      | Gained mutation: You have hidden genetic potential. [potion
                  | of mutation]
  5869 | D:6      | Killed a gargoyle
  5870 | D:6      | Gained mutation: Your demonic aura often causes spilled
                  | blood to erupt in flames. [demonic ancestry]
  5870 | D:6      | Reached XP level 9. HP: 19/75 MP: 9/9
  6589 | D:7      | Got the Notes on Terrestrial Nonlocality
  6597 | D:7      | Noticed Menkaure
  6605 | D:7      | Killed Menkaure
  6865 | D:7      | Noticed Jeremiah
  6868 | D:7      | Noticed Maggie
  6872 | D:7      | Killed Jeremiah
  6882 | D:7      | Killed Maggie
  6882 | D:7      | Gained mutation: Your mind is acute. (Int +4, Str/Dex -1)
                  | [hidden potential]
  7173 | D:7      | Reached skill level 10 in Fighting
  7252 | D:7      | Found a transporter.
  7253 | D:7      | Noticed a deep elf pyromancer
  7254 | D:7      | Noticed a centaur warrior
  7255 | D:7      | Found an ancient bone altar of Kikubaaqudgha.
  7257 | D:7      | Found a transporter.
  7264 | D:7      | Found a staircase to the Ecumenical Temple.
  7273 | Temple   | Entered the Ecumenical Temple
  7281 | Temple   | Became a worshipper of Hepliaklqana the Forgotten
  7333 | D:7      | Found a bloodstained altar of Trog.
  7540 | D:2      | Bought a scroll of teleportation for 33 gold pieces
  7540 | D:2      | Bought a scroll of teleportation for 33 gold pieces
  7540 | D:2      | Bought a scroll of teleportation for 33 gold pieces
  7679 | D:8      | Reached skill level 1 in Invocations
  7717 | D:8      | Noticed a two-headed ogre
  7730 | D:8      | Killed a two-headed ogre
  7731 | D:8      | Gained mutation: You have a small tail. [demonic ancestry]
  7731 | D:8      | Reached XP level 10. HP: 36/85 MP: 9/12
  7876 | D:8      | Found an ornate altar of the Wu Jian Council.
  8040 | D:8      | Paralysed by a hornet for 1 turns
  8043 | D:8      | Paralysed by a hornet for 1 turns
  8043 | D:8      | HP: 3/86 [hornet (3)]
  8493 | D:8      | Reached skill level 10 in Axes
  8495 | D:8      | Gained mutation: Your flesh is heat resistant. (rF+)
                  | [hidden potential]
  8495 | D:8      | Lost mutation: You have hidden genetic potential. [hidden
                  | potential expressed]
  8501 | D:8      | Reached skill level 5 in Invocations
  8675 | D:8      | Found a sparkling altar of Nemelex Xobeh.
  9143 | D:8      | Found a sacrificial altar of Ru.
  9208 | D:8      | Noticed a centaur warrior
  9208 | D:8      | Noticed a gargoyle
  9208 | D:8      | Noticed an orc knight
  9218 | D:8      | Noticed a purple ugly thing
  9226 | D:8      | Killed a purple ugly thing
  9227 | D:8      | Identified the staff "Purgh" {rElec rPois rF+ Stlth+ Fire}
  9233 | D:8      | Killed a gargoyle
  9837 | D:8      | Killed a centaur warrior
  9838 | D:8      | Gained mutation: Your movements are slightly less
                  | encumbered by armour. (ER -2) [demonic ancestry]
  9838 | D:8      | Reached XP level 11. HP: 46/93 MP: 16/16
  9985 | D:9      | Reached skill level 1 in Shields
  9990 | D:9      | Found a staircase to the Lair.
 10130 | D:9      | Reached * piety under Hepliaklqana
 10232 | D:9      | Paralysed by a hornet for 1 turns
 10384 | D:9      | Found a staircase to the Orcish Mines.
 10386 | D:9      | Found a broken altar of Ashenzari.
 10671 | D:9      | Found a radiant altar of Vehumet.
 10966 | D:9      | Noticed an orange crystal statue
 11058 | D:9      | Found a snail-covered altar of Cheibriados.
 11166 | D:10     | Entered Level 10 of the Dungeon
 11227 | D:10     | Found a burning altar of Makhleb.
 11244 | D:10     | Identified a scroll of acquirement
 11245 | D:10     | Acquired the +6 battleaxe "Wuamid" {flame, rC+ Dex+5}
 11420 | D:10     | Noticed a purple ugly thing
 11512 | D:9      | Identified the ring of Jalil {rC+ Str+2}
 11517 | D:9      | Killed an orange crystal statue
 11730 | D:10     | Noticed a two-headed ogre
 11732 | D:10     | Killed a purple ugly thing
 11735 | D:10     | Killed a two-headed ogre
 11740 | D:10     | Noticed a two-headed ogre
 11745 | D:10     | Noticed a two-headed ogre
 11754 | D:10     | Killed a two-headed ogre
 11757 | D:10     | Killed a two-headed ogre
 11949 | D:10     | Gained mutation: Your demonic aura causes all spilled blood
                  | to erupt in flames. [demonic ancestry]
 11949 | D:10     | Reached XP level 12. HP: 79/92 MP: 19/19
 11989 | D:10     | Found a basalt altar of Yredelemnul.
 12064 | D:10     | Reached skill level 10 in Invocations
 12183 | D:10     | Reached ** piety under Hepliaklqana
 12184 | D:10     | Remembered your ancestor Cleetus as a battlemage
 12667 | D:11     | Reached skill level 5 in Shields
 13001 | D:11     | Noticed an eight-headed hydra
 13005 | D:11     | Killed a six-headed hydra
 13109 | D:11     | Noticed Snorg
 13118 | D:11     | Killed Snorg
 13700 | D:12     | Noticed Rupert
 13709 | D:12     | Killed Rupert
 13710 | D:12     | Reached skill level 1 in Armour
 13729 | D:12     | Noticed Azrael
 13737 | D:12     | Killed Azrael
 14228 | D:13     | Gained mutation: You have a tail ending in a sharp stinger.
                  | [demonic ancestry]
 14228 | D:13     | Reached XP level 13. HP: 99/99 MP: 21/21
 14632 | Lair:1   | Entered Level 1 of the Lair of Beasts
 14777 | Lair:1   | Reached *** piety under Hepliaklqana
 15316 | Lair:2   | Lost mutation: You occasionally lose the ability to drink
                  | potions when taking damage. [potion of mutation]
 15316 | Lair:2   | Lost mutation: Your mind is acute. (Int +4, Str/Dex -1)
                  | [potion of mutation]
 15316 | Lair:2   | Gained mutation: Your mind is acute. (Int +4, Str/Dex -1)
                  | [potion of mutation]
 15349 | Lair:2   | Found a hole to the Spider Nest.
 15448 | Lair:2   | Found a frozen archway.
 15497 | IceCv    | Entered an ice cave
 15748 | IceCv    | Noticed a reaper
 15752 | IceCv    | Slain by a reaper

Illustrated notes

Levels and vault maps discovered:
D:1:      mrwooster_arrival_statue, layout_loops_corners,
          chequers_ecumenical_altar_island, serial_shops, shop, serial_rivers,
          chequers_serial_rivers_micro_a, chequers_serial_rivers_small_3,
          chequers_serial_rivers_micro_a, chequers_serial_rivers_micro_a,
          chequers_serial_rivers_small_a, chequers_serial_rivers_small_b,
          moated_statue
D:2:      layout_basic, serial_shops, shop, basic_altar
D:3:      layout_loops_ring, nicolae_qazlal_eye_of_the_storm,
          overflow_temple_1_default, minmay_fractal_squares_5
D:4:      layout_basic, uniq_sigmund, uniq_eustachio
D:5:      layout_layer_cave, mainiacjoe_overflow_surrounded_room,
          minmay_misc_feat_more_columns, uniq_prince_ribbit1, uniq_duvessa,
          uniq_edmund
D:6:      due_chaos_kobolds, layout_gridville, amcnicky_altar_gilded,
          hangedman_feature_mirror, minmay_manual_monstrance
D:7:      layout_cave_pools, mainiacjoe_overflow_paths,
          gammafunk_temple_overflow_arena, minmay_temple_entry_butterflies,
          serial_bayou_crossing, uniq_menkaure, uniq_jeremiah, uniq_maggie
D:8:      nzn_winding_woodlands_cross
          [nzn_winding_woodlands_5x15_pathside_ponds,
          nzn_winding_woodlands_5x15_pool, nzn_winding_woodlands_5x15_longhouse,
          nzn_winding_woodlands_5x15_lazy_stream,
          nzn_winding_woodlands_15x15_thick_spiral], layout_loops_ring,
          old_standard_altar, lemuel_tele_altar, old_standard_altar,
          introduction_to_nature_2
D:9:      layout_roguey, nicolae_vehumet_altar_sigil,
          lemuel_coloured_pillars_altar, cheibrodos_ashenzari_chains,
          minmay_lair_entry_grove, st_stairs_3, minmay_misc_feat_rows,
          minivault_15
D:10:     layout_basic, mainiacjoe_overflow_six_doors_small,
          lemuel_mausoleum_altar_yredelemnul, nicolae_two_hexagons,
          minmay_misc_feat_iff, minmay_mirror_moons_of_madness
D:11:     layout_basic, minmay_microvault, uniq_snorg
D:12:     layout_rooms, lemuel_flame_loot_1, uniq_rupert, uniq_azrael
D:13:     layout_cross, ximxim_vaults_locker_room
Temple:   nicolae_temple_little_seven
Lair:1:   layout_loops_ring
Lair:2:   dreamdust_isle_of_ice, layout_long_grid, elwin_shoals_entry_rooms,
          nicolae_spider_entry_lesser_pyramids, portal_ice_cave_rime,
          lemuel_old_faithful, grunt_megastairs_2
IceCv:    ice_cave_tombish

Skill      XL: |  1  2  3  4  5  6  7  8  9 10 11 12 13 |
---------------+----------------------------------------+-----
Throwing       | 2 |  2.0
Dodging        | 3 4 |  4.9
Axes           | 3 4 5 6 8 9 10 12 13 14 | 14.6
Fighting       | 3 4 5 6 8 10 11 12 13 14 | 14.0
Invocations    | 2 7 9 11 13 | 13.0
Shields        | 4 5 |  5.7
Armour         | 3 |  3.0

Action                     |  1- 3 |  4- 6 |  7- 9 | 10-12 | 13-15 || total
---------------------------+-------+-------+-------+-------+-------++-------
  Melee: War axe           |    63 |   116 |   204 |   196 |       ||   579
         Punch             |       |       |     2 |       |       ||     2
         Tailslap          |       |       |       |    60 |    24 ||    84
         Battleaxe         |       |       |       |   121 |    97 ||   218
  Throw: Throwing net      |       |     1 |       |       |       ||     1
 Invoke: Ancestor Life: Ba |       |       |       |     1 |       ||     1
         Ancestor Identity |       |       |       |     1 |       ||     1
         Recall Ancestor   |       |       |       |       |     1 ||     1
  Evoke: Wand              |       |       |       |     3 |       ||     3
    Use: Potion            |       |     2 |     3 |     6 |     1 ||    12
         Scroll            |       |       |     3 |    11 |     4 ||    18
   Stab: Held in net/web   |       |     2 |       |       |       ||     2
         Sleeping          |       |       |       |     2 |     1 ||     3
         Distracted        |       |       |       |     1 |     2 ||     3
 Armour: Leather armour    |    25 |    97 |   103 |   218 |       ||   443
         Skin              |       |       |     5 |       |       ||     5
         Troll leather arm |       |       |       |    43 |    75 ||   118
  Dodge: Dodged            |    32 |    85 |   100 |   165 |    42 ||   424
  Block: Other             |       |    18 |    32 |    66 |    15 ||   131
         Reflection        |       |       |     2 |     2 |     1 ||     5

Table legend: (Time is in decaauts)
 A = Elapsed time spent in this place.
 B = Non-inter-level travel time spent in this place.
 C = Inter-level travel time spent in this place.
 D = Time resting spent in this place.
 E = Time spent auto-exploring this place.
 F = Levels seen in this place.
 G = Mean time per level.
                   A        B        C        D        E       F      G
               +--------+--------+--------+--------+--------+-----+--------+
         Total |  15887 |  15095 |    792 |   3979 |   8447 |  17 |  934.5 |
       Dungeon |  14749 |  13970 |    779 |   3853 |   7864 |  13 | 1134.5 |
        Temple |     16 |     16 |      0 |      0 |      0 |   1 |   16.0 |
          Lair |    864 |    852 |     12 |     67 |    583 |   2 |  432.0 |
      Ice Cave |    257 |    257 |      0 |     59 |      0 |   1 |  257.0 |
               +--------+--------+--------+--------+--------+-----+--------+

Top non-repeatable levels by time:
     D:8: 2438 daAuts
     D:4: 1474 daAuts
     D:5: 1465 daAuts
    D:10: 1299 daAuts
     D:6: 1291 daAuts
     D:9: 1207 daAuts
    D:11: 1185 daAuts
     D:7: 899 daAuts
     D:2: 896 daAuts
     D:1: 878 daAuts
     D:3: 841 daAuts
    D:12: 806 daAuts
  Lair:1: 670 daAuts
   IceCv: 257 daAuts
  Lair:2: 193 daAuts
